 Dungeon Crawl Stone Soup version 0.30.0-18-gc0e69614cb (webtiles) character file.

Game seed: 3012224860142269125

55 Iich the Trooper (level 3, 0/29 HPs)
             Began as a Demonspawn Fighter on May 23, 2023.
             Succumbed to an adder's poison
             ... on level 2 of the Dungeon.
             The game lasted 00:01:21 (627 turns).

Iich the Trooper (Demonspawn Fighter)                Turns: 627, Time: 00:01:22

Health: 0/29       AC:  6    Str: 16    XL:     3   Next: 67%
Magic:  3/3        EV:  8    Int:  9    God:
Gold:   68         SH:  5    Dex: 16    Spells: 2/2 levels left

rFire   . . .        a - +0 war axe
rCold   . . .        c - +0 buckler
rNeg    . . .        b - +0 scale mail
rPois   .            (no helmet)
rElec   .            (no cloak)
rCorr   .            (no gloves)
SInv    .            (no boots)
Will    .....        (no amulet)
Stlth   +            (no ring)
HPRegen 0.24/turn    (no ring)
MPRegen 0.16/turn

%: no passive effects
@: mighty, lethally poisoned (0 -> -5)
A: thin skeletal structure 1, magic regeneration
a: no special abilities


You were on level 2 of the Dungeon.
You visited 1 branch of the dungeon, and saw 2 of its levels.

You collected 68 gold pieces.

Inventory:

Hand Weapons
 a - a +0 war axe (weapon)
Armour
 b - a +0 scale mail (worn)
 c - a +0 buckler (worn)
Jewellery
 g - a ring of ice
Scrolls
 e - a scroll of identify {unknown}
 i - a scroll of fog {unknown}
 j - a scroll of poison {unknown}
 t - a scroll of teleportation
Potions
 f - a potion of brilliance {unknown}
 h - a potion of curing {unknown}
 k - a potion of attraction {unknown}


   Skills:
 + Level 3.6 Fighting
 * Level 3.2 Axes
 - Level 2.6 Armour
 - Level 2.6 Shields


You had 2 spell levels left.
You didn't know any spells.
Your spell library contained the following spells:

 Spells                   Type           Power      Damage    Failure   Level
 Apportation              Tloc           0%         N/A       88%         1
 Alistair's Intoxication  Tmut/Pois      0%         N/A       100%        5


Dungeon Overview and Level Annotations

Branches:
Dungeon (2/15)

Altars:


Innate Abilities, Weirdness & Mutations

You have a somewhat thin skeletal structure. (Dex +2, Stealth+)
You regenerate magic rapidly.


Message History

* * * LOW HITPOINT WARNING * * *
You take 1 damage, and have 8/29 hp.
You hit the hobgoblin.
The hobgoblin is almost dead.
Unknown command.
You barely miss the adder. You barely miss the hobgoblin.
The goblin no longer looks unusually strong.
The adder bites you but does no damage. The hobgoblin barely misses you.
The adder bites you but does no damage. The hobgoblin completely misses you.
You closely miss the adder. You slash the hobgoblin!
You kill the hobgoblin!
The adder barely misses you. The adder bites you but does no damage.
You barely miss the adder. The adder bites you but does no damage.
You miss the adder. The adder barely misses you. The adder bites you.
* * * LOW HITPOINT WARNING * * *
You are poisoned.
The adder poisons you!
You take 1 damage, and have 8/29 hp.
You closely miss the adder.
You feel sick. The adder bites you but does no damage.
The adder barely misses you.
You take 1 damage, and have 7/29 hp.
You miss the adder.
You feel sick. The adder closely misses you.
The adder bites you but does no damage.
You take 1 damage, and have 6/29 hp.
You barely miss the adder.
You feel sick. The adder bites you.
* * * LOW HITPOINT WARNING * * *
You block the adder's attack.
You take 4 damage, and have 2/29 hp.
The adder attacks as you move away! The adder bites you but does no damage.
You feel sick.
You are no longer poisoned.
Unknown command.
The adder barely misses you. The adder attacks as you move away!
You block the adder's attack. The adder attacks as you move away!
The adder barely misses you. The adder attacks as you move away!
The adder bites you.
* * * LOW HITPOINT WARNING * * *
You are lethally poisoned!
The adder poisons you!
You die...

###########
#.........#
#.#######.#
#.#.....#.#
#.#.....#@# ..?
#.#.....#.# ...
#.#.....#S# ....
#.#.....#g#
.....
#....<..#.###...
#########.#g..
##.#)# #.).)#
#.....>)###


You could see an adder and a goblin.

Vanquished Creatures
  Robin (D:2)
  An adder (D:2)
  A ball python (D:1)
  A bat (D:1)
  2 endoplasms (D:1)
  2 giant cockroaches
  12 goblins
  3 hobgoblins (D:2)
  A quokka (D:1)
  3 frilled lizards (D:1)
  2 kobolds (D:1)
  4 rats (D:1)
33 creatures vanquished.

Notes
Turn   | Place    | Note
-------+----------+-------------------------------------------
     0 | D:1      | Iich the Demonspawn Fighter began the quest for the Orb.
     0 | D:1      | Reached XP level 1. HP: 18/18 MP: 1/1
   151 | D:1      | Gained mutation: You regenerate magic rapidly. [demonic
                  | ancestry]
   151 | D:1      | Reached XP level 2. HP: 22/24 MP: 2/2
   597 | D:2      | Noticed Robin
   608 | D:2      | Gained mutation: You have a somewhat thin skeletal
                  | structure. (Dex +2, Stealth+) [demonic ancestry]
   608 | D:2      | Reached XP level 3. HP: 13/29 MP: 3/3
   611 | D:2      | Killed Robin
   627 | D:2      | Succumbed to an adder's poison

Illustrated notes

Levels and vault maps discovered:
D:1:      ebering_hopf_link, layout_rooms, corexii_corridor_pit
D:2:      layout_basic, serial_shops, nicolae_book_shop_shelving, uniq_jessica,
          uniq_robin

Skill      XL: |  1  2  3 |
---------------+----------+-----
Axes           | 2 3 |  3.2
Fighting       | |  3.6
Armour         | |  2.6
Shields        | |  2.6

Action                     || total
---------------------------++-------
  Melee: War axe           ||    74
    Use: Scroll            ||     1
         Potion            ||     1
 Armour: Scale mail        ||    56
  Dodge: Dodged            ||    34
  Block: Buckler           ||    21
